 Dungeon Crawl Stone Soup version 0.20.1-1-g8b1a95d (webtiles) character file.

161849 odd2k the Eclecticist (level 17, -1/92 HPs)
             Began as a Deep Elf Wizard on July 6, 2017.
             Was a High Priest of Vehumet.
             Succumbed to a ghost moth's poison
             ... on level 2 of the Spider Nest on July 7, 2017.
             The game lasted 06:16:34 (57825 turns).

odd2k the Eclecticist (Deep Elf Wizard)            Turns: 57825, Time: 06:16:35

Health: -1/92      AC: 18    Str:  5 (7)  XL:     17   Next: 20%
Magic:  8/42       EV:  7    Int: 31      God:    Vehumet [*****.]
Gold:   1280       SH:  7    Dex:  9      Spells: 1/54 levels left

rFire    + . .     SeeInvis .   A - +3 scimitar (flame)
rCold    . . .     Gourm    .   E - +3 buckler
rNeg     . . .     Faith    .   Z - +5 scale mail "Ylumesch" {rPois}
rPois    +         Spirit   .   k - +1 helmet {Int+3}
rElec    +         Reflect  .   d - +2 cloak
rCorr    .         Harm     .   e - +0 pair of gloves
MR       ++...                  l - +0 pair of boots
Stlth    ..........             q - amulet of magic regeneration
Regen    0.3/turn               M - ring of protection from fire
MPRegen  0.5/turn               b - ring of Doubts {Wiz rElec MR+ Dex-4 Slay+6}

@: lethally poisoned (-1 -> -36), very slightly contaminated, invisible
A: no striking features
a: Renounce Religion


You were on level 2 of the Spider Nest.
You worshipped Vehumet.
Vehumet was extremely pleased with you.
You were very hungry.

You visited 6 branches of the dungeon, and saw 29 of its levels.
You also visited: Bailey and Ice Cave.

You collected 3514 gold pieces.
You spent 2234 gold pieces at shops.

Inventory:

Hand Weapons
 c - a +4 dagger of electrocution
 A - a +3 scimitar of flaming (weapon)
Armour
 d - a +2 cloak (worn)
 e - a +0 pair of gloves (worn)
 k - a +1 helmet of intelligence (worn)
 l - a +0 pair of boots (worn)
 s - a +2 robe of the Archmagi
 E - a +3 buckler (worn)
 Z - the +5 scale mail "Ylumesch" (worn) {rPois}
   (You found it on level 15 of the Dungeon)

   It protects you from poison.
Magical Staves
 N - an uncursed staff of earth
Jewellery
 b - the ring of Doubts (right hand) {Wiz rElec MR+ Dex-4 Slay+6}
   (You bought it in a shop on level 2 of the Orcish Mines)

   [ring of wizardry]

   It improves your spell success rate.
   It affects your dexterity (-4).
   It affects your accuracy and damage with ranged weapons and melee attacks
   (+6).
   It insulates you from electricity.
   It affects your resistance to hostile enchantments.
 g - an uncursed ring of resist corrosion
 o - an uncursed amulet of faith
 q - an amulet of magic regeneration (around neck)
 v - an uncursed ring of flight
 B - a +4 ring of strength
 D - an uncursed ring of ice
 G - the ring of Amelioration {Wiz rF- rC++ Str-5 Int+4}
   (You found it on level 2 of the Spider Nest)

   [ring of wizardry]

   It improves your spell success rate.
   It affects your strength (-5).
   It affects your intelligence (+4).
   It makes you vulnerable to fire.
   It greatly protects you from cold.
 M - a ring of protection from fire (left hand)
Wands
 i - a wand of iceblast (3/15)
 n - a wand of clouds (4/9)
 p - a wand of clouds (5/9)
 r - a wand of disintegration (8/24)
 y - a wand of acid (4/15)
 H - a wand of polymorph (4/24)
 R - a wand of digging (11/24)
Scrolls
 f - 7 scrolls of teleportation
 j - a scroll of enchant weapon
 m - 2 scrolls of recharging
 w - 2 scrolls of fog
 I - 4 scrolls of blinking
 J - 4 scrolls of remove curse
 L - a scroll of summoning
 O - 2 scrolls of identify
 T - 2 scrolls of vulnerability
 V - a scroll of silence
Potions
 h - 3 potions of curing
 u - 3 potions of lignification
 x - a potion of cancellation
 z - a potion of resistance
 C - 3 potions of agility
 F - 3 potions of brilliance
 K - 2 potions of magic
 S - 3 potions of flight
Comestibles
 t - 12 meat rations


   Skills:
 - Level 5.3 Fighting
 - Level 10.0 Short Blades
 - Level 9.1 Dodging
 - Level 2.4 Stealth
 - Level 4.0 Shields
 - Level 19.0 Spellcasting
 + Level 16.1 Conjurations
 - Level 5.0 Charms
 - Level 1.1 Summonings
   Level 5.2 Necromancy
 - Level 3.1 Translocations
 - Level 2.4 Fire Magic
 - Level 14.0 Ice Magic
 - Level 1.7 Air Magic
 - Level 11.0 Earth Magic
 - Level 1.2 Poison Magic
 - Level 4.0 Evocations


You had one spell level left.
You knew the following spells:

 Your Spells              Type           Power        Failure   Level  Hunger
a - Magic Dart            Conj           ####         1%          1    None
b - Blink                 Tloc           N/A          6%          2    None
c - Ozocubu's Armour      Chrm/Ice       ######..     1%          3    None
d - Call Imp              Summ           #####...     13%         2    None
e - Mephitic Cloud        Conj/Pois/Air  ######..     1%          3    None
f - Conjure Flame         Conj/Fire      ######..     1%          3    None
g - Bolt of Cold          Conj/Ice       #######...   1%          6    None
h - Freeze                Ice            ####         1%          1    None
i - Summon Small Mammal   Summ           ####         9%          1    None
j - Force Lance           Conj/Tloc      ######..     1%          4    None
k - Lehudib's Crystal Sp  Conj/Erth      #######...   56%         8    #####..
l - Orb of Destruction    Conj           #######...   4%          7    ###....
m - Lee's Rapid Deconstr  Erth           #######...   1%          5    None
q - Sting                 Conj/Pois      ####         1%          1    None
s - Freezing Cloud        Conj/Ice/Air   #######...   8%          6    None


Dungeon Overview and Level Annotations

Branches:
Dungeon (15/15)            Temple (1/1) D:6            Lair (6/6) D:11
 Shoals (0/4) Lair:4       Spider (2/4) Lair:4        Slime (0/5) Lair:6
    Orc (2/2) D:10            Elf (3/3) Orc:2        Vaults (0/5) D:13
 Depths (0/5) D:15

Altars:
Ashenzari
Cheibriados
Dithmenos
Gozag
Hepliaklqana
Makhleb
Nemelex Xobeh
Okawaru
Trog
Uskayaw
Vehumet
Xom
Beogh

Shops:
D:6 [   D:12 :   Orc:2 [*=(

Portals:
Trove: D:14 (give +4 ice dragon scales)

Annotations:
Lair:4 exclusion: door
Elf:2 5 runed doors, exclusion: 5 doors


Message History

The tarantella hisses angrily. x2 4 redbacks come into view.
* * * LOW HITPOINT WARNING * * *
You feel extremely sick.
The tarantella hisses angrily. x2
The redback bites you but does no damage.
The redback barely misses you.
There is a stone staircase leading down here.
Blink to where?
Press: ? - help, Dir - move target cursor
As you read the scroll of blinking, it crumbles to dust.
* * * LOW HITPOINT WARNING * * *
You feel very sick.
* * * LOW HITPOINT WARNING * * *
You feel very sick.
There is a stone staircase leading down here.
* * * LOW HITPOINT WARNING * * *
You feel very sick.
You climb downwards.
You found a web!
You die...

...........##^....^...^..........
..........####.#.###.#..##.......
..........# ##############.......
..........# #≈≈##≈≈####≈##.......
.........####≈≈≈≈≈≈≈≈≈≈≈≈#.......
..........##≈≈≈≈≈≈≈≈≈≈≈≈≈≈.......
........#####≈≈≈..≈≈###≈#........
........# #≈≈≈≈..≈≈≈≈≈≈≈≈.......
^......># #≈≈≈^@≈.≈###≈≈........
#.......# ##≈≈...≈≈≈≈≈≈≈≈.......
#.....#.# #≈≈.≈.#≈###≈.....†...
......#### #≈≈≈≈≈≈≈≈≈≈≈≈≈........
###..###.####≈≈≈≈≈≈≈≈≈≈≈≈#.......
.###.# ##^# #########≈≈###.......
.# #.####.# ########## #....s..
## #..##.## #....# #.##..##
#......#####...########....##


There were no monsters in sight!

Vanquished Creatures
  Jorgrun (Spider:2)
  Roxanne (Elf:1)
  An orc warlord (Orc:2)
  A deep elf sorcerer (Elf:2)
  An emperor scorpion (Spider:1)
  A reaper (IceCv)
  A deep elf elementalist (Elf:2)
  An entropy weaver (Spider:2)
  A stone giant (Orc:2)
  Azrael (Spider:1)
  A dire elephant (Lair:6)
  The ghost of jotwebe the Black Sun, a journeyman DDNe of Kikubaaqudgha (Lair:4)
  A yaktaur captain (D:15)
  Harold (Lair:3)
  2 catoblepae
  3 centaur warriors (D:15)
  9 hydras
  6 dancing weapons
  A deep troll shaman (Lair:6)
  An orc high priest (Orc:2)
  7 two-headed ogres
  12 death yaks
  Urug (Lair:5)
  5 deep elf knights
  Nergalle (Orc:2)
  7 skeletal warriors
  2 lindwurms
  6 deep elf archers
  The ghost of TlMTHEENCHANTER the Martial Artist, a novice OpTm of Gozag (D:5)
  An unseen horror (D:13)
  6 orc knights
  8 orb spiders
  6 cyclopes
  11 wolf spiders
  A necromancer (D:13)
  11 ugly things
  4 orc sorcerers
  2 oklob plants (Lair:2)
  A faun (Lair:4)
  2 manticores
  34 deep elf magi
  8 elephants
  2 black mambas
  2 ice statues (IceCv)
  2 gargoyles
  A torpor snail (Spider:2)
  20 spiny frogs
  9 rime drakes
  A yaktaur (shapeshifter) (D:13)
  A kobold demonologist (D:11)
  A rime drake (shapeshifter) (D:15)
  4 komodo dragons
  9 ice devils (IceCv)
  5 demonic crawlers
  4 red devils (Elf:2)
  14 jumping spiders
  The ghost of Gabide the Shooter, an amateur NaHu (D:4)
  6 polar bears
  A merfolk (Lair:4)
  A queen bee (Lair:1)
  7 trolls
  A wind drake (shapeshifter) (Elf:1)
  4 hornets
  12 hippogriffs
  23 blink frogs
  3 slime creatures (D:12)
  21 tarantellas
  2 air elementals (Elf:1)
  A shadow (D:15)
  4 vampires
  A yak (shapeshifter) (Elf:1)
  A water elemental (D:15)
  A wraith (D:14)
  4 wyverns
  Eustachio (D:5)
  36 redbacks
  40 yaks
  3 basilisks
  A steam dragon (Lair:4)
  2 vampire mosquitoes (D:14)
  6 fire elementals
  A hungry ghost (D:13)
  3 wargs (Orc:2)
  2 soldier ants
  14 porcupines
  6 hell hounds
  13 water moccasins
  5 ice beasts
  4 black bears
  A hornet zombie (D:8)
  37 orc warriors
  2 sky beasts
  4 phantoms
  A necrophage (D:9)
  10 ogres
  24 wolves
  13 centaurs
  19 crocodiles
  A big kobold (D:13)
  An earth elemental (Elf:2)
  23 bullfrogs
  A wyvern zombie (D:8)
  2 water moccasin zombies
  6 scorpions
  3 wyvern skeletons
  15 killer bees
  4 wights (D:6)
  3 howler monkeys
  3 centaur zombies
  5 electric eels
  9 crimson imps
  A quasit (D:5)
  3 bullfrog zombies
  9 jellies
  27 orc priests
  2 gnoll shamans
  Crazy Yiuf (D:2)
  4 centaur skeletons
  An iron imp (D:8)
  6 hounds
  Jessica (D:2)
  5 bullfrog skeletons
  4 iguanas
  29 orc wizards
  13 worker ants
  5 hell rats (Lair:3)
  9 gnolls
  A howler monkey skeleton (D:4)
  13 adders
  4 white imps (IceCv)
  6 ufetubi (IceCv)
  2 adder skeletons (D:9)
  A worm (D:2)
  4 leopard geckos
  111 orcs
  2 ball pythons
  3 giant cockroaches
  17 goblins
  9 hobgoblins
  15 jackals
  3 quokkas
  7 bats
  2 frilled lizards
  A jackal skeleton (D:8)
  12 kobolds
  A leopard gecko skeleton (D:7)
  A leopard gecko zombie (D:6)
  A quokka skeleton (D:5)
  8 rats
  2 fungi (Lair:6)
  10 plants
1022 creatures vanquished.

Vanquished Creatures (collateral kills)
  4 killer bees
4 creatures vanquished.

Vanquished Creatures (others)
  A water elemental (Elf:2)
  4 white imps (IceCv)
  6 ufetubi (IceCv)
  2 bushes
  31 fungi
  32 plants
76 creatures vanquished.

Grand Total: 1102 creatures vanquished

Notes
Turn   | Place    | Note
-------+----------+-------------------------------------------
     0 | D:1      | odd2k the Deep Elf Wizard began the quest for the Orb.
     0 | D:1      | Reached XP level 1. HP: 10/10 MP: 7/7
   164 | D:1      | Reached skill level 5 in Spellcasting
   199 | D:1      | Reached XP level 2. HP: 14/15 MP: 1/10
   915 | D:2      | Reached skill level 6 in Spellcasting
   915 | D:2      | Reached XP level 3. HP: 19/19 MP: 6/12
  1184 | D:2      | Noticed Jessica
  1433 | D:2      | Learned a level 2 spell: Blink
  1437 | D:2      | Learned a level 3 spell: Mephitic Cloud
  1441 | D:2      | Learned a level 3 spell: Conjure Flame
  1574 | D:3      | Reached skill level 1 in Poison Magic
  2093 | D:3      | Reached skill level 1 in Air Magic
  2093 | D:3      | Reached XP level 4. HP: 23/24 MP: 7/14
  2638 | D:3      | Reached XP level 5. HP: 16/28 MP: 11/15
  3118 | D:4      | Found a hazy altar of Hepliaklqana.
  3153 | D:4      | Noticed Gabide's ghost (amateur NaHu)
  3171 | D:4      | Found an opulent altar of Gozag.
  3171 | D:4      | Found a radiant altar of Vehumet.
  3179 | D:4      | Found a hide-covered altar of Uskayaw.
  3186 | D:4      | Became a worshipper of Vehumet
  3217 | D:5      | Entered Level 5 of the Dungeon
  3217 | D:5      | Noticed an ogre
  3225 | D:5      | Killed an ogre
  3225 | D:5      | Reached skill level 5 in Conjurations
  3225 | D:5      | Reached XP level 6. HP: 32/32 MP: 6/17
  3229 | D:5      | Reached skill level 1 in Fire Magic
  3436 | D:2      | Killed Jessica
  3466 | D:2      | Found a runed door.
  3490 | D:2      | Noticed Crazy Yiuf
  3503 | D:2      | Killed Crazy Yiuf
  3731 | D:5      | Learned a level 2 spell: Call Imp
  3734 | D:5      | Learned a level 2 spell: Slow
  3782 | D:5      | Noticed Eustachio
  3797 | D:5      | Killed Eustachio
  3797 | D:5      | Reached skill level 7 in Spellcasting
  3972 | D:5      | Found a shattered altar of Ashenzari.
  3976 | D:5      | Saw a vision of the Shoals and the Spider Nest.
  3976 | D:5      | Noticed a hornet
  3976 | D:5      | Noticed a redback
  3976 | D:5      | Noticed a redback
  3976 | D:5      | Noticed a hornet
  3976 | D:5      | Noticed a redback
  3976 | D:5      | Noticed a merfolk siren
  3976 | D:5      | Noticed a merfolk
  3976 | D:5      | Noticed a merfolk siren
  3976 | D:5      | Noticed a merfolk
  3976 | D:5      | Noticed a merfolk
  3977 | D:5      | Noticed a wolf spider
  3977 | D:5      | Noticed a merfolk
  3978 | D:5      | Noticed a merfolk
  4031 | D:5      | Reached XP level 7. HP: 36/36 MP: 15/19
  4205 | D:5      | Noticed TlMTHEENCHANTER's ghost (novice OpTm)
  4239 | D:5      | Killed TlMTHEENCHANTER's ghost
  4239 | D:5      | Reached skill level 10 in Spellcasting
  4381 | D:5      | Reached XP level 8. HP: 35/41 MP: 14/24
  5121 | D:5      | Reached skill level 11 in Spellcasting
  5576 | D:6      | Reached skill level 12 in Spellcasting
  5583 | D:6      | Reached * piety under Vehumet
  5583 | D:6      | Offered knowledge of Sting by Vehumet.
  5587 | D:6      | Learned a level 1 spell: Sting
  5642 | D:6      | Found Seaxuxy's Antique Armour Emporium.
  5844 | D:6      | Reached skill level 13 in Spellcasting
  6035 | D:5      | Reached XP level 9. HP: 4/45 MP: 11/28
  6616 | D:6      | Found a staircase to the Ecumenical Temple.
  6676 | Temple   | Entered the Ecumenical Temple
  6899 | D:6      | Reached skill level 14 in Spellcasting
  7276 | D:6      | Offered knowledge of Freeze by Vehumet.
  7279 | D:6      | Learned a level 1 spell: Freeze
  7324 | D:6      | Reached ** piety under Vehumet
  7336 | D:7      | Reached skill level 1 in Ice Magic
  7589 | D:7      | Learned a level 1 spell: Summon Small Mammal
  7854 | D:7      | Found a shadowy altar of Dithmenos.
  8196 | D:7      | Reached skill level 5 in Ice Magic
  8999 | D:7      | Offered knowledge of Static Discharge by Vehumet.
  9403 | D:8      | Reached *** piety under Vehumet
  9685 | D:8      | Reached XP level 10. HP: 44/50 MP: 25/30
  9708 | D:8      | Offered knowledge of Force Lance by Vehumet.
  9708 | D:8      | Reached skill level 5 in Dodging
  9714 | D:8      | Learned a level 4 spell: Force Lance
  9846 | D:8      | Found a snail-covered altar of Cheibriados.
 10330 | D:8      | Found a bloodstained altar of Trog.
 10633 | D:8      | Learned a level 3 spell: Confuse
 10638 | D:8      | Learned a level 4 spell: Petrify
 10676 | D:8      | Reached skill level 1 in Earth Magic
 11143 | D:8      | Reached **** piety under Vehumet
 11578 | D:9      | Reached skill level 5 in Earth Magic
 11780 | D:9      | Offered knowledge of Bolt of Draining by Vehumet.
 11936 | D:9      | Learned a level 5 spell: Bolt of Draining
 12616 | D:9      | Noticed a manticore
 12780 | D:9      | Killed a manticore
 12780 | D:9      | Reached ***** piety under Vehumet
 13178 | D:9      | Offered knowledge of Airstrike by Vehumet.
 13825 | D:10     | Entered Level 10 of the Dungeon
 13917 | D:10     | Found a staircase to the Orcish Mines.
 13950 | D:10     | Reached skill level 1 in Necromancy
 14367 | D:10     | Reached XP level 11. HP: 54/54 MP: 10/31
 15415 | D:11     | Reached skill level 5 in Necromancy
 15631 | D:11     | Found a staircase to the Lair.
 15844 | D:11     | Noticed a two-headed ogre
 15882 | D:11     | Killed a two-headed ogre
 16294 | D:11     | Reached skill level 10 in Conjurations
 16845 | Lair:1   | Entered Level 1 of the Lair of Beasts
 18859 | Lair:1   | Offered knowledge of Orb of Destruction by Vehumet.
 18859 | Lair:1   | Reached skill level 10 in Ice Magic
 18931 | Lair:1   | Learned a level 7 spell: Orb of Destruction
 18962 | Lair:1   | Reached XP level 12. HP: 59/59 MP: 10/32
 21781 | Lair:3   | Noticed Harold
 21939 | Lair:3   | Killed Harold
 23020 | Lair:3   | Reached skill level 15 in Spellcasting
 24497 | Lair:4   | Noticed a seven-headed hydra
 24657 | Lair:4   | Killed a seven-headed hydra
 24759 | Lair:4   | Found a sparkling altar of Nemelex Xobeh.
 24766 | Lair:4   | Noticed jotwebe's ghost (journeyman DDNe)
 24787 | Lair:4   | Noticed a seven-headed hydra
 24792 | Lair:4   | Killed a seven-headed hydra
 24792 | Lair:4   | Reached skill level 16 in Spellcasting
 24964 | Lair:4   | Reached XP level 13. HP: 63/63 MP: 22/35
 25140 | Lair:5   | Noticed Urug
 25143 | Lair:5   | Killed Urug
 25386 | Lair:5   | Reached skill level 17 in Spellcasting
 25705 | Lair:5   | Found a frozen archway.
 25712 | IceCv    | Entered an ice cave
 26040 | IceCv    | Offered knowledge of Lee's Rapid Deconstruction by Vehumet.
 26047 | IceCv    | Learned a level 5 spell: Lee's Rapid Deconstruction
 27028 | IceCv    | Noticed a reaper
 27073 | IceCv    | Killed a reaper
 28755 | Lair:4   | Reached skill level 15 in Conjurations
 28855 | Lair:4   | Reached skill level 1 in Fighting
 29282 | Lair:4   | Killed jotwebe's ghost
 29457 | Lair:4   | Found a hole to the Spider Nest.
 29935 | Lair:6   | Entered Level 6 of the Lair of Beasts
 30571 | Lair:5   | Reached skill level 5 in Fighting
 31159 | D:6      | Bought a glowing helmet for 165 gold pieces
 31240 | D:9      | Reached XP level 14. HP: 78/78 MP: 29/37
 31425 | Lair:1   | Reached skill level 1 in Short Blades
 31487 | Lair:1   | Offered knowledge of Freezing Cloud by Vehumet.
 31495 | Lair:1   | Learned a level 6 spell: Freezing Cloud
 32318 | Lair:6   | Reached skill level 5 in Short Blades
 32752 | Lair:6   | Found a staircase to the Slime Pits.
 33013 | Lair:1   | Learned a level 3 spell: Ozocubu's Armour
 33683 | Lair:6   | Found a shimmering altar of Xom.
 34962 | Lair:6   | Offered knowledge of Bolt of Fire by Vehumet.
 35774 | Orc:1    | Entered Level 1 of the Orcish Mines
 35793 | Orc:1    | Reached skill level 10 in Short Blades
 36007 | Orc:2    | Entered Level 2 of the Orcish Mines
 36011 | Orc:2    | Reached skill level 1 in Shields
 36496 | Orc:2    | Noticed Nergalle
 36500 | Orc:2    | Killed Nergalle
 36569 | Orc:2    | Noticed an orc warlord
 36572 | Orc:2    | Killed an orc warlord
 36873 | Orc:2    | Found a roughly hewn altar of Beogh.
 36956 | Orc:2    | Found Biarea Enunn's General Store.
 37054 | Orc:2    | Reached skill level 1 in Charms
 37076 | Orc:2    | Found Ikhyefer's Antique Armour Shoppe.
 37146 | Orc:2    | Found a staircase to the Elven Halls.
 37171 | Orc:2    | Found Xiahod's Jewellery Shoppe.
 37512 | Orc:2    | Found Nemm's Antique Weapon Shoppe.
 37680 | Orc:2    | Noticed a stone giant
 37686 | Orc:2    | Killed a stone giant
 37686 | Orc:2    | Reached XP level 15. HP: 41/82 MP: 33/38
 37994 | Orc:2    | Bought the ring of Doubts {Wiz rElec MR+ Dex-4 Slay+6} for 929 gold pieces
 39024 | Orc:2    | Reached skill level 5 in Charms
 39561 | D:12     | Offered knowledge of Bolt of Cold by Vehumet.
 39976 | Lair:1   | Learned a level 6 spell: Bolt of Cold
 40353 | D:12     | Found Xecij's Book Shop.
 41546 | D:14     | Found a flagged portal.
 41642 | Bailey   | Entered a bailey
 41782 | Bailey   | Got a pitted broad axe
 41831 | Bailey   | Identified the +5 broad axe "Taxt" {chop, Int+3} (You found it in a bailey)
 41885 | D:14     | Found a portal to a secret trove of treasure.
 42244 | D:13     | Reached ****** piety under Vehumet
 42631 | D:4      | Killed Gabide's ghost
 42751 | D:4      | Reached skill level 1 in Evocations
 42772 | D:4      | Offered knowledge of Conjure Ball Lightning by Vehumet.
 42777 | D:4      | Found a burning altar of Makhleb.
 43958 | D:13     | Found a gate to the Vaults.
 45810 | D:15     | Entered Level 15 of the Dungeon
 46189 | D:15     | Got a dazzling scale mail
 46225 | D:14     | Identified the +5 scale mail "Ylumesch" {rPois} (You found it on level 15 of the Dungeon)
 47028 | D:15     | Found a staircase to the Depths.
 48062 | Lair:4   | Found a staircase to the Shoals.
 48308 | Elf:1    | Entered Level 1 of the Elven Halls
 48310 | Elf:1    | Reached XP level 16. HP: 82/87 MP: 27/39
 48826 | D:12     | Bought a book of Power for 720 gold pieces
 50435 | Elf:1    | Noticed Roxanne
 50450 | Elf:1    | Killed Roxanne
 50621 | Elf:1    | Identified Roxanne's Compendium of the Mountains (You took it off Roxanne on level 1 of the Elven Halls)
 50798 | Elf:1    | Reached skill level 18 in Spellcasting
 51396 | Elf:2    | Offered knowledge of Lehudib's Crystal Spear by Vehumet.
 51396 | Elf:2    | Offered knowledge of Tornado by Vehumet.
 51396 | Elf:2    | Offered knowledge of Ignition by Vehumet.
 52093 | Elf:2    | Reached skill level 19 in Spellcasting
 52155 | Elf:2    | Learned a level 8 spell: Lehudib's Crystal Spear
 52263 | Elf:2    | Found a huge runed gate.
 52263 | Elf:2    | Found a huge runed gate.
 52263 | Elf:2    | Found a huge runed gate.
 52263 | Elf:2    | Found a huge runed gate.
 52263 | Elf:2    | Found a huge runed gate.
 52721 | Elf:3    | Entered Level 3 of the Elven Halls
 53142 | Spider:1 | Entered Level 1 of the Spider Nest
 53377 | Orc:2    | Bought an uncursed amulet of magic regeneration for 420 gold pieces
 53925 | Spider:1 | Noticed Azrael
 53927 | Spider:1 | Killed Azrael
 54708 | Spider:1 | Reached skill level 10 in Earth Magic
 55968 | Spider:2 | Reached XP level 17. HP: 46/92 MP: 35/42
 56286 | Spider:2 | Got a vibrating bone ring
 56287 | Spider:2 | Identified the ring of Amelioration {Wiz rF- rC++ Str-5 Int+4} (You found it on level 2 of the Spider Nest)
 57492 | Spider:2 | Noticed Jorgrun
 57496 | Spider:2 | Killed Jorgrun
 57824 | Spider:1 | HP: 2/92 [poisoned by a ghost moth]
 57825 | Spider:2 | Succumbed to a ghost moth's poison

Skill      XL: |  1  2  3  4  5  6  7  8  9 10 11 12 13 14 15 16 17 |
---------------+----------------------------------------------------+-----
Spellcasting   | 5 6 7 10 13 14 16 17 19 | 19.0
Conjurations   | 2 3 5 9 10 13 15 16 | 16.1
Poison Magic   | 1 |  1.2
Air Magic      | 1 |  1.7
Fire Magic     | 2 |  2.4
Ice Magic      | 7 10 13 14 | 14.0
Dodging        | 4 5 9 |  9.1
Earth Magic    | 6 7 11 | 11.0
Necromancy     | 2 5 |  5.2
Translocations | 3 |  3.1
Fighting       | 5 |  5.3
Short Blades   | 10 | 10.0
Shields        | 4 |  4.0
Charms         | 3 5 |  5.0
Evocations     | 4 |  4.0
Stealth        | |  2.4
Summonings     | |  1.1

Action                   |  1- 3 |  4- 6 |  7- 9 | 10-12 | 13-15 | 16-18 || total
-------------------------+-------+-------+-------+-------+-------+-------++-------
Melee: Unarmed           |     3 |       |       |       |       |       ||     3
       Falchion          |     2 |    16 |       |       |       |       ||    18
       Hand axe          |       |       |    10 |       |       |       ||    10
       Dagger            |       |       |       |       |   183 |     7 ||   190
       Scimitar          |       |       |       |       |       |    48 ||    48
 Cast: Magic Dart        |   111 |    68 |   283 |   354 |   222 |    17 ||  1055
       Mephitic Cloud    |     2 |    12 |    28 |    63 |    22 |       ||   127
       Conjure Flame     |       |       |    28 |    57 |    21 |     2 ||   108
       Sting             |       |       |   130 |    62 |       |       ||   192
       Blink             |       |       |     2 |     9 |     7 |     2 ||    20
       Freeze            |       |       |     9 |     2 |       |       ||    11
       Slow              |       |       |     4 |       |     2 |       ||     6
       Force Lance       |       |       |       |   226 |   271 |    17 ||   514
       Bolt of Draining  |       |       |       |    26 |     6 |       ||    32
       Confuse           |       |       |       |     2 |       |       ||     2
       Orb of Destructio |       |       |       |    35 |   137 |    17 ||   189
       Summon Small Mamm |       |       |       |     7 |       |     7 ||    14
       Call Imp          |       |       |       |     4 |    10 |     2 ||    16
       Lee's Rapid Decon |       |       |       |       |     7 |     4 ||    11
       Freezing Cloud    |       |       |       |       |    85 |    39 ||   124
       Ozocubu's Armour  |       |       |       |       |   125 |    56 ||   181
       Bolt of Cold      |       |       |       |       |    90 |   164 ||   254
       Lehudib's Crystal |       |       |       |       |       |     1 ||     1
Evoke: Wand              |       |       |       |    16 |    14 |    10 ||    40
  Use: Scroll            |       |     4 |    11 |    15 |    19 |    11 ||    60
       Potion            |       |       |       |     1 |     6 |     8 ||    15
 Stab: Confused          |     2 |     2 |     2 |       |       |       ||     6
       Sleeping          |       |       |       |       |     1 |       ||     1
  Eat: Chunk             |     3 |     5 |     5 |    26 |    53 |    11 ||   103
       Bread ration      |       |     1 |     2 |     5 |     5 |     2 ||    15
       Fruit             |       |       |       |    11 |    13 |       ||    24
       Royal jelly       |       |       |       |       |     4 |       ||     4
       Meat ration       |       |       |       |       |     3 |     2 ||     5
Armor: Robe              |     2 |     3 |    13 |    20 |    58 |     5 ||   101
       Scale mail        |       |       |       |       |       |    65 ||    65
Dodge: Dodged            |    13 |     8 |    58 |    89 |   120 |    37 ||   325
Block: Buckler           |       |       |    16 |    19 |    67 |    46 ||   148
       Rpst.: Falchion   |       |     3 |       |       |       |       ||     3
       Scimitar          |       |       |       |       |       |     2 ||     2
